 Dungeon Crawl Stone Soup version 0.25-a0-1113-g0499d652a8 (webtiles) character file.

Game seed: 11374757272280533712, levelgen mode: deterministic

17858 MisterFreud the Thaumaturge (level 12, -10/91 HPs)
             Began as a Gnoll Venom Mage on May 16, 2020.
             Was an Elder of Ru.
             Mangled by a red draconian
             ... wielding a +0 flail of flaming
              (14 damage)
             ... in a volcano.
             The game lasted 00:45:59 (17491 turns).

MisterFreud the Thaumaturge (Gnoll Venom Mage)     Turns: 17491, Time: 00:46:00

Health: -10/91     AC:  7    Str: 10    XL:     12   Next: 52%
Magic:  19/24      EV: 19    Int: 28    God:    Ru [****..]
Gold:   775        SH:  0    Dex: 16    Spells: 20/28 levels left

rFire    . . .     SeeInvis .   G - +2 short sword "Jacuoll" {drain, MR+ Int+5}
rCold    x . .     Gourm    .   (no shield)
rNeg     . . .     Faith    .   M - +0 swamp dragon scales
rPois    +         Spirit   .   X - +2 hat {MR+}
rElec    .         Reflect  .   (no cloak)
rCorr    .         Harm     .   (no gloves)
MR       ++...                  F - +0 pair of boots
Stlth    +++.......             V - amulet of the acrobat
HPRegen  0.25/turn              o - ring of protection from fire
MPRegen  0.19/turn              h - +4 ring of evasion

@: no status effects
A: distributed training, fangs 1, no potion heal 1, reduced AC 1, temperature
sensitive, strong nose
a: Draw Out Power, Power Leap, Renounce Religion


You were in a volcano.
You worshipped Ru.
Ru was greatly pleased with you.
You were not hungry.

You visited 3 branches of the dungeon, and saw 16 of its levels.
You also visited: Sewer and Volcano.

You collected 1135 gold pieces.
You spent 360 gold pieces at shops.

Inventory:

Hand Weapons
 i - a +3 short sword of protection
 G - the +2 short sword "Jacuoll" (weapon) {drain, MR+ Int+5}
   (You found it on level 8 of the Dungeon)

   A truly terrible weapon, it drains the life of those it strikes.
   It affects your intelligence (+5).
   It affects your resistance to hostile enchantments.
Missiles
 d - 23 boomerangs (quivered)
 e - 37 sling bullets
 g - 604 stones
 j - 10 atropa-tipped darts
 l - 156 bolts
 n - 203 arrows
 y - 4 throwing nets
 D - 19 poisoned darts
Armour
 r - a +2 animal skin
 s - a +1 helmet
 F - a +0 pair of boots (worn)
 M - +0 swamp dragon scales (worn)
 X - a +2 hat of magic resistance (worn)
Jewellery
 h - a +4 ring of evasion (right hand)
 o - a ring of protection from fire (left hand)
 v - an uncursed ring of fire
 B - a +6 ring of intelligence
 L - a +4 ring of protection
 Q - a +6 ring of dexterity {unknown}
 V - an amulet of the acrobat (around neck)
Wands
 t - a wand of flame (72)
 P - a wand of enslavement (28)
 R - a wand of polymorph (12)
 S - a wand of digging (7)
 T - a wand of acid (7)
Scrolls
 b - 12 scrolls of remove curse
 u - 3 scrolls of blinking
 w - 3 scrolls of enchant weapon
 x - 2 scrolls of amnesia
 E - 3 scrolls of enchant armour
 H - a scroll of torment
 I - a scroll of summoning
 N - a scroll of fear
 W - 2 scrolls of teleportation
Potions
 a - 3 potions of flight
 f - 4 potions of berserk rage
 k - a potion of brilliance
 m - 5 potions of haste
 p - a potion of invisibility
 q - 2 potions of lignification
 z - 3 potions of mutation
 A - 6 potions of curing
 C - a potion of heal wounds
 J - 2 potions of might
 O - 2 potions of stabbing
 U - 2 potions of ambrosia
 Z - a potion of degeneration
Comestibles
 c - 28 rations


   Skills:
 + Level 7.2 Fighting
 + Level 7.2 Short Blades
 + Level 7.2 Long Blades
 + Level 7.2 Axes
 + Level 7.2 Maces & Flails
 + Level 7.2 Polearms
 + Level 7.2 Staves
 + Level 7.2 Slings
 + Level 7.2 Bows
 + Level 7.2 Crossbows
 + Level 7.2 Throwing
 + Level 7.2 Armour
 + Level 8.6 Dodging
 + Level 8.4 Stealth
 + Level 7.2 Shields
 + Level 7.2 Unarmed Combat
 + Level 8.9 Spellcasting
 + Level 6.0 Conjurations
 + Level 6.0 Hexes
 + Level 6.0 Charms
 + Level 6.0 Summonings
 + Level 6.0 Necromancy
 + Level 6.0 Translocations
 + Level 6.4 Transmutations
 + Level 6.0 Fire Magic
 + Level 6.0 Ice Magic
 + Level 6.0 Air Magic
 + Level 6.0 Earth Magic
 + Level 8.2 Poison Magic
 + Level 7.9 Invocations
 + Level 7.2 Evocations


You had 20 spell levels left.
You knew the following spells:

 Your Spells              Type           Power        Failure   Level  Hunger
a - Sting                 Tmut/Pois      ####         1%          1    None
b - Mephitic Cloud        Conj/Pois/Air  ######..     1%          3    None
c - Summon Lightning Spi  Summ/Air       #####...     9%          4    None

Your spell library contained the following spells:

 Spells                   Type           Power        Failure   Level  Hunger
 Animate Skeleton         Necr           N/A          1%          1    None
 Pain                     Necr           ####         1%          1    None
 Sandblast                Erth           #####.       1%          1    None
 Summon Small Mammal      Summ           ####         1%          1    None
 Call Imp                 Summ           #####...     1%          2    None
 Passwall                 Tmut/Erth      #####...     1%          2    None
 Poisonous Vapours        Pois/Air       ######       1%          2    None
 Ignite Poison            Fire/Tmut/Pois ######..     1%          3    None
 Call Canine Familiar     Summ           #####...     2%          3    None
 Stone Arrow              Conj/Erth      #####.       2%          3    None
 Summon Guardian Golem    Hex/Summ       #####...     2%          3    None
 Vampiric Draining        Necr           #####.....   2%          3    None
 Olgreb's Toxic Radiance  Pois           ######..     3%          4    None
 Petrify                  Tmut/Erth      #####...     8%          4    None
 Animate Dead             Necr           N/A          9%          4    None
 Summon Ice Beast         Ice/Summ       #####...     9%          4    None
 Alistair's Intoxication  Tmut/Pois      ######..     13%         5    ####...
 Agony                    Necr           #####...     22%         5    ####...
 Irradiate                Conj/Tmut      #####.....   22%         5    ####...
 Lee's Rapid Deconstruct  Erth           #####.....   22%         5    ####...


Dungeon Overview and Level Annotations

Branches:
Dungeon (11/15)            Temple (1/1) D:4            Lair (4/6) D:8
  Swamp (0/4) Lair:3        Snake (0/4) Lair:3          Orc (0/2) D:9
  Sewer (visited)         Volcano (1/1)

Altars:
Ashenzari
Cheibriados
Dithmenos
Elyvilon
Fedhas
Gozag
Hepliaklqana
Makhleb
Nemelex Xobeh
Ru
Sif Muna
Trog
Uskayaw
Vehumet
Wu Jian
Xom
Yredelemnul
Zin
The Shining One

Shops:
D:4 :   D:11 }

Annotations:
D:3 Grinder
Lair:1 exclusion: oklob plant


Innate Abilities, Weirdness & Mutations

Your experience applies equally to all skills.
You have very sharp teeth.
Potions are less effective at restoring your health.
You take slightly more damage. (AC -5)
You are sensitive to extremes of temperature. (rF-, rC-)
Your uncanny sense of smell can sniff out nearby items.


Message History

The red draconian looks even sicker.
The red draconian is almost dead.
The red draconian misses you.
Casting: Sting (safe; 1% risk of failure)
Confirm with . or Enter, or press ? or * to list all spells.
Aiming: Sting (safe; 1% risk of failure)
Press: ? - help, Shift-Dir - straight line, f/p - red draconian
Aim: a red draconian, wielding a +0 flail of flaming and wearing a +0 cloak (almost dead, very poisoned)
The sting hits the red draconian but does no damage.
The red draconian looks even sicker.
The red draconian is almost dead.
In the distance, the volcano erupts with a roar.
The red draconian breathes flames at you.
The searing blast hits you!!
* * * LOW HITPOINT WARNING * * *
Your system partially rejects the healing.
You feel much better.
You are engulfed in blazing flames.
* * * LOW HITPOINT WARNING * * *
The red draconian hits you with a +0 flail of flaming!
You die...

#≈≈≈≈≈#######
≈≈☼###!!$$!# #
≈##.#.[.[.# ##○
#..'.[.$.+
#§≈≈##..'.._..+
≈≈§≈#...#.....#
§§≈≈#...#######
§§§§#...'$!d.[+
≈§≈≈#...#.)≈@.#
§§§≈#...#8≈≈≈8#
≈≈≈ ##..'..≈..+ ≈
#..')....+ ≈
≈##.#8.).8# #§§
≈≈≈§###§....###§≈≈
#≈§≈§§≈.....≈≈≈§≈#
#≈≈§§§§8...8≈≈≈≈##
##§§§≈§.°...≈§###


You could see a red draconian (very poisoned, catching breath).

Vanquished Creatures
  Gastronok (Lair:3)
  A two-headed ogre (Volcano)
  A black mamba (Lair:2)
  5 spiny frogs
  A komodo dragon (Lair:2)
  A rime drake (Lair:4)
  A queen bee (D:9)
  Prince Ribbit (D:6)
  5 blink frogs
  A hippogriff (Lair:2)
  A wyvern (Lair:2)
  15 yaks
  A hungry ghost (D:8)
  3 nagas (Lair:3)
  A soldier ant (D:11)
  6 porcupines
  4 water moccasins
  An orc warrior (D:9)
  3 black bears
  2 ice beasts
  A necrophage (D:5)
  A phantom (D:6)
  5 centaurs
  3 ogres
  3 wolves (Lair:3)
  8 crocodiles
  A big kobold (D:9)
  4 bullfrogs
  9 scorpions
  14 killer bees
  A howler monkey (D:4)
  4 crimson imps
  A centaur zombie (D:8)
  5 hounds
  A quasit (D:6)
  7 orc priests
  3 centaur skeletons
  2 jellies
  4 orc wizards
  A bullfrog skeleton (D:6)
  Ijyb (D:3)
  2 hell rats (Lair:3)
  3 iguanas
  10 worker ants
  3 killer bee zombies
  A hound skeleton (D:10)
  A hound zombie (D:5)
  Robin (D:2)
  A howler monkey zombie (D:7)
  3 worker ant zombies
  4 gnolls (D:5)
  A howler monkey skeleton (D:5)
  6 river rats
  12 adders
  3 shadow imps
  2 oozes
  6 worms
  3 dart slugs
  5 leopard geckos
  18 orcs
  3 ball pythons
  21 bats
  5 giant cockroaches
  18 goblins
  7 hobgoblins
  10 jackals (D:3)
  4 quokkas
  6 frilled lizards
  11 kobolds
  A quokka skeleton (D:4)
  17 rats
  A fungus (Lair:2)
323 creatures vanquished.

Vanquished Creatures (collateral kills)
  2 two-headed ogres (Volcano)
  Nergalle (Lair:3)
  A spiny frog (Lair:1)
  A rime drake (Lair:2)
  2 komodo dragons (Lair:2)
  2 bog bodies (Lair:3)
  5 blink frogs
  4 hippogriffs
  5 yaks
  A basilisk (Lair:3)
  3 nagas (Lair:3)
  5 water moccasins
  A porcupine (Lair:3)
  A centaur (D:11)
  5 wolves (Lair:3)
  3 bullfrogs
  A killer bee (D:10)
  A bullfrog skeleton (D:11)
  6 river rats (Lair:3)
50 creatures vanquished.

Vanquished Creatures (others)
  An ogre mage (Volcano)
  A spiny frog (Lair:3)
  Maggie (D:9)
  A killer bee (D:8)
  A worker ant (D:4)
  3 fungi
8 creatures vanquished.

Grand Total: 381 creatures vanquished

Notes
Turn   | Place    | Note
-------+----------+-------------------------------------------
     0 | D:1      | MisterFreud the Gnoll Venom Mage began the quest for the
                  | Orb.
     0 | D:1      | Reached XP level 1. HP: 13/13 MP: 6/6
   130 | D:1      | Reached XP level 2. HP: 19/19 MP: 4/7
   688 | D:1      | Reached XP level 3. HP: 25/25 MP: 7/9
   779 | D:1      | Reached skill level 5 in Spellcasting
   890 | D:1      | Learned a level 3 spell: Mephitic Cloud
  1103 | D:2      | Reached skill level 1 in Invocations
  1287 | D:2      | Reached skill level 1 in Fighting
  1287 | D:2      | Reached skill level 1 in Short Blades
  1287 | D:2      | Reached skill level 1 in Long Blades
  1287 | D:2      | Reached skill level 1 in Axes
  1287 | D:2      | Reached skill level 1 in Maces & Flails
  1287 | D:2      | Reached skill level 1 in Polearms
  1287 | D:2      | Reached skill level 1 in Staves
  1287 | D:2      | Reached skill level 1 in Slings
  1287 | D:2      | Reached skill level 1 in Bows
  1287 | D:2      | Reached skill level 1 in Crossbows
  1287 | D:2      | Reached skill level 1 in Throwing
  1287 | D:2      | Reached skill level 1 in Armour
  1287 | D:2      | Reached skill level 1 in Shields
  1287 | D:2      | Reached skill level 1 in Unarmed Combat
  1287 | D:2      | Reached skill level 1 in Evocations
  1295 | D:2      | Reached XP level 4. HP: 32/32 MP: 7/11
  1444 | D:2      | Noticed Robin
  1453 | D:2      | Killed Robin
  1971 | D:3      | Reached skill level 1 in Conjurations
  1971 | D:3      | Reached skill level 1 in Hexes
  1971 | D:3      | Reached skill level 1 in Charms
  1971 | D:3      | Reached skill level 1 in Summonings
  1971 | D:3      | Reached skill level 1 in Necromancy
  1971 | D:3      | Reached skill level 1 in Translocations
  1971 | D:3      | Reached skill level 1 in Fire Magic
  1971 | D:3      | Reached skill level 1 in Ice Magic
  1971 | D:3      | Reached skill level 1 in Air Magic
  1971 | D:3      | Reached skill level 1 in Earth Magic
  2031 | D:3      | Noticed Grinder
  2290 | D:3      | Found a shimmering blue altar of Sif Muna.
  2441 | D:3      | Reached XP level 5. HP: 29/37 MP: 9/12
  2583 | D:3      | Noticed Ijyb
  2605 | D:3      | Killed Ijyb
  2740 | D:4      | Found Xaoluc's Book Shoppe.
  2740 | D:4      | Found a glowing drain.
  2746 | Sewer    | Entered a sewer
  2792 | Sewer    | Noticed a crocodile
  2803 | Sewer    | Killed a crocodile
  2803 | Sewer    | Reached XP level 6. HP: 29/44 MP: 8/13
  3183 | D:4      | Reached skill level 5 in Dodging
  3293 | D:4      | Found an opulent altar of Gozag.
  3468 | D:4      | Found a hide-covered altar of Uskayaw.
  3528 | D:4      | Found a staircase to the Ecumenical Temple.
  3665 | Temple   | Entered the Ecumenical Temple
  3693 | Temple   | Became a worshipper of Ru the Awakened
  3949 | D:4      | Reached XP level 7. HP: 50/50 MP: 10/15
  4164 | D:5      | Entered Level 5 of the Dungeon
  4164 | D:5      | Found a burning altar of Makhleb.
  4435 | D:5      | Reached skill level 5 in Stealth
  4685 | D:5      | Reached XP level 8. HP: 54/57 MP: 14/16
  5439 | D:6      | Gained mutation: Potions are less effective at restoring
                  | your health. [Ru sacrifice]
  5974 | D:6      | Reached XP level 9. HP: 65/65 MP: 16/18
  6167 | D:6      | You fall into a shaft and drop 2 floors!
  6295 | D:8      | Got a crystal short sword
  6296 | D:8      | Identified the +2 short sword "Jacuoll" {drain, MR+ Int+5}
                  | (You found it on level 8 of the Dungeon)
  6306 | D:8      | Found a staircase to the Lair.
  6940 | D:8      | Identified the Volume of Transmutation
  6985 | D:8      | Found a snail-covered altar of Cheibriados.
  7739 | D:6      | Found an ornate altar of the Wu Jian Council.
  7739 | D:6      | Noticed Prince Ribbit
  7746 | D:6      | Killed Prince Ribbit
  7746 | D:6      | Reached skill level 5 in Invocations
  7784 | D:6      | Found a shadowy altar of Dithmenos.
  7820 | D:6      | Found a snail-covered altar of Cheibriados.
  7828 | D:6      | Gained mutation: You are sensitive to extremes of
                  | temperature. (rF-, rC-) [Ru sacrifice]
  7828 | D:6      | Reached * piety under Ru
  7828 | D:6      | Reached ** piety under Ru
  7828 | D:6      | Reached *** piety under Ru
  8547 | D:9      | Noticed Maggie
  8596 | D:9      | Killed Maggie
  8596 | D:9      | Reached XP level 10. HP: 64/73 MP: 20/20
  8645 | D:9      | Found a basalt altar of Yredelemnul.
  9176 | D:9      | Found a blossoming altar of Fedhas.
  9227 | D:9      | Found a white marble altar of Elyvilon.
  9358 | D:9      | Found a staircase to the Orcish Mines.
  9407 | D:9      | Reached skill level 5 in Fighting
  9407 | D:9      | Reached skill level 5 in Short Blades
  9407 | D:9      | Reached skill level 5 in Long Blades
  9407 | D:9      | Reached skill level 5 in Axes
  9407 | D:9      | Reached skill level 5 in Maces & Flails
  9407 | D:9      | Reached skill level 5 in Polearms
  9407 | D:9      | Reached skill level 5 in Staves
  9407 | D:9      | Reached skill level 5 in Slings
  9407 | D:9      | Reached skill level 5 in Bows
  9407 | D:9      | Reached skill level 5 in Crossbows
  9407 | D:9      | Reached skill level 5 in Throwing
  9407 | D:9      | Reached skill level 5 in Armour
  9407 | D:9      | Reached skill level 5 in Shields
  9407 | D:9      | Reached skill level 5 in Unarmed Combat
  9407 | D:9      | Reached skill level 5 in Evocations
  9595 | D:9      | Found a radiant altar of Vehumet.
  9961 | D:9      | Found a bloodstained altar of Trog.
 10098 | D:10     | Entered Level 10 of the Dungeon
 10777 | D:10     | Reached skill level 5 in Transmutations
 11265 | D:4      | Bought a book of Callings for 360 gold pieces
 11270 | D:4      | Learned a level 4 spell: Summon Lightning Spire
 11644 | D:11     | Found Asemuog's Gadget Shop.
 12403 | Lair:1   | Entered Level 1 of the Lair of Beasts
 12454 | Lair:1   | Noticed a spiny frog
 12456 | Lair:1   | Noticed a spiny frog
 12472 | Lair:1   | Killed a spiny frog
 12472 | Lair:1   | Reached XP level 11. HP: 23/81 MP: 11/22
 13019 | Lair:1   | Reached skill level 5 in Conjurations
 13019 | Lair:1   | Reached skill level 5 in Hexes
 13019 | Lair:1   | Reached skill level 5 in Charms
 13019 | Lair:1   | Reached skill level 5 in Summonings
 13019 | Lair:1   | Reached skill level 5 in Necromancy
 13019 | Lair:1   | Reached skill level 5 in Translocations
 13019 | Lair:1   | Reached skill level 5 in Fire Magic
 13019 | Lair:1   | Reached skill level 5 in Ice Magic
 13019 | Lair:1   | Reached skill level 5 in Air Magic
 13019 | Lair:1   | Reached skill level 5 in Earth Magic
 13493 | Lair:1   | Noticed an oklob plant
 15819 | Lair:3   | Found a staircase to the Swamp.
 15885 | Lair:3   | Reached XP level 12. HP: 83/89 MP: 17/24
 16333 | Lair:3   | Gained mutation: You take slightly more damage. (AC -5) [Ru
                  | sacrifice]
 16333 | Lair:3   | Reached **** piety under Ru
 16340 | Lair:3   | Found a staircase to the Snake Pit.
 16402 | Lair:3   | Noticed Gastronok
 16406 | Lair:3   | Noticed Nergalle
 16430 | Lair:3   | Killed Nergalle
 16435 | Lair:3   | Killed Gastronok
 17203 | Lair:4   | Found a dark tunnel.
 17307 | Volcano  | Entered a volcano
 17325 | Volcano  | Noticed an ogre mage
 17332 | Volcano  | Found a bloodstained altar of Trog.
 17338 | Volcano  | Killed an ogre mage
 17339 | Volcano  | Noticed a red draconian
 17341 | Volcano  | Noticed a two-headed ogre
 17346 | Volcano  | Killed a two-headed ogre
 17347 | Volcano  | Noticed a two-headed ogre
 17358 | Volcano  | Killed a two-headed ogre
 17462 | Volcano  | Noticed a two-headed ogre
 17475 | Volcano  | Killed a two-headed ogre
 17490 | Volcano  | HP: 3/91 [red draconian/searing blast (21)]
 17491 | Volcano  | Mangled by a red draconian

Illustrated notes

Levels and vault maps discovered:
D:1:      dpeg_arrival_ratfight, layout_basic, kennysheep_small_spiral,
          kennysheep_flooded_box
D:2:      layout_loops_ring, first_ration, st_stairs_3, uniq_robin
D:3:      kennysheep_goblin_castle, layout_rooms, lemuel_blue_sif_altar,
          uniq_ijyb, uniq_grinder
D:4:      layout_basic, kennysheep_mini, eat_drink_and_be_merry_uskayaw,
          lemuel_temple_firewalk_a, serial_shops, nicolae_shop_statue_plus,
          portal_sewer_entry_b
D:5:      layout_loops_cross, bloody_makhleb, ebering_dispersal_statue_hall
D:6:      layout_loops_ring, kennysheep_little_box, lemuel_doored_altar,
          nicolae_benzene_ring, lemuel_statue_altar, uniq_prince_ribbit1
D:7:      old_forge, layout_basic
D:8:      layout_basic, old_standard_altar, lair_entry_dummy
D:9:      layout_roguey, kennysheep_ying_yang, lightli_temple_of_fire,
          lemuel_coloured_pillars_altar, fedhas_bush_and_centaur_altar,
          orc_0_dummy, grunt_ogre_cave, uniq_maggie
D:10:     layout_loops_ring, minmay_misc_feat_roman,
          nicolae_looking_at_the_future
D:11:     layout_irregular_city, serial_shops, nicolae_shop_trees
Temple:   eino_wide_crystal_templ
Lair:1:   layout_chaotic_city, serial_bayou_shore_b, serial_bayou_shore_b,
          minmay_lair_oklob_chamber, grunt_megastairs_2
Lair:2:   layout_regular_city, chequers_serial_rivers_room_a, st_stairs_9
Lair:3:   layout_chaotic_city, skrybe_swamp_entry_bodies,
          minmay_snake_entry_guardpost_medium, bh_chokoban, kennysheep_rathole,
          infiniplex_staircase_pool, uniq_urug, uniq_gastronok, uniq_nergalle
Lair:4:   layout_hall_layers, nicolae_volcano_entry_two_sided,
          lemuel_fruit_fields
Volcano:  kennysheep_volcano_temple

Skill      XL: |  1  2  3  4  5  6  7  8  9 10 11 12 |
---------------+-------------------------------------+-----
Transmutations | 2 3 4 5 6 |  6.4
Spellcasting   | 5 6 7 8 |  8.9
Invocations    | 1 2 3 4 5 6 7 |  7.9
Fighting       | 1 2 3 4 5 6 7 |  7.2
Short Blades   | 1 2 3 4 5 6 7 |  7.2
Long Blades    | 1 2 3 4 5 6 7 |  7.2
Axes           | 1 2 3 4 5 6 7 |  7.2
Maces & Flails | 1 2 3 4 5 6 7 |  7.2
Polearms       | 1 2 3 4 5 6 7 |  7.2
Staves         | 1 2 3 4 5 6 7 |  7.2
Slings         | 1 2 3 4 5 6 7 |  7.2
Bows           | 1 2 3 4 5 6 7 |  7.2
Crossbows      | 1 2 3 4 5 6 7 |  7.2
Throwing       | 1 2 3 4 5 6 7 |  7.2
Armour         | 1 2 3 4 5 6 7 |  7.2
Shields        | 1 2 3 4 5 6 7 |  7.2
Unarmed Combat | 1 2 3 4 5 6 7 |  7.2
Evocations     | 1 2 3 4 5 6 7 |  7.2
Conjurations   | 1 2 3 4 5 6 |  6.0
Hexes          | 1 2 3 4 5 6 |  6.0
Charms         | 1 2 3 4 5 6 |  6.0
Summonings     | 1 2 3 4 5 6 |  6.0
Necromancy     | 1 2 3 4 5 6 |  6.0
Translocations | 1 2 3 4 5 6 |  6.0
Fire Magic     | 1 2 3 4 5 6 |  6.0
Ice Magic      | 1 2 3 4 5 6 |  6.0
Air Magic      | 1 2 3 4 5 6 |  6.0
Earth Magic    | 1 2 3 4 5 6 |  6.0
Dodging        | 5 6 7 8 |  8.6
Stealth        | 5 6 7 8 |  8.4
Poison Magic   | 6 7 8 |  8.2

Action                   |  1- 3 |  4- 6 |  7- 9 | 10-12 || total
-------------------------+-------+-------+-------+-------++-------
Melee: Unarmed           |     5 |       |       |       ||     5
       Bite              |     1 |     7 |    40 |    54 ||   102
       Short sword       |    11 |    97 |   371 |   473 ||   952
       Punch             |       |       |     7 |    10 ||    17
Throw: Boomerang         |    37 |    21 |    21 |     1 ||    80
       Dart              |       |     2 |     8 |       ||    10
 Cast: Sting             |    37 |    76 |   116 |   115 ||   344
       Mephitic Cloud    |       |     2 |     9 |    21 ||    32
       Summon Lightning  |       |       |       |    48 ||    48
Invok: Sacrifice Purity  |       |       |     1 |       ||     1
       Sacrifice Resista |       |       |     1 |       ||     1
       Sacrifice Health  |       |       |       |     1 ||     1
  Use: Scroll            |       |     8 |     6 |    14 ||    28
       Potion            |       |       |       |     2 ||     2
 Stab: Sleeping          |     1 |     2 |    14 |    11 ||    28
       Confused          |       |     1 |     7 |    21 ||    29
       Invisible         |       |     1 |     1 |     1 ||     3
       Distracted        |       |       |     2 |    12 ||    14
  Eat: Chunk             |     1 |     8 |    13 |    19 ||    41
       Ration            |       |       |     2 |     3 ||     5
Armor: Robe              |     2 |     3 |       |       ||     5
       Animal skin       |       |    42 |    68 |    63 ||   173
       Swamp dragon scal |       |       |       |    42 ||    42
Dodge: Dodged            |    17 |   141 |   341 |   450 ||   949

Table legend:
 A = Non-vault XP
 B = Vault XP
 C = Vault XP percentage of total XP
 D = Non-vault monster count
 E = Vault monster count
 F = Vault count percentage of total count
                 A         B        C        D         E       F
            +---------+---------+-------+---------+---------+-------
      Total |   17532 |    7980 |  31.3 |     274 |     102 |  27.1
            +---------+---------+-------+---------+---------+-------
        D:1 |      39 |       5 |  11.4 |      20 |       5 |  20.0
        D:2 |      53 |      34 |  39.1 |      17 |      10 |  37.0
        D:3 |      30 |      55 |  64.7 |      15 |      12 |  44.4
        D:4 |     308 |      24 |   7.2 |      13 |       6 |  31.6
        D:5 |    1056 |       0 |   0.0 |      32 |       0 |   0.0
        D:6 |     907 |     274 |  23.2 |      26 |       1 |   3.7
        D:7 |     133 |     383 |  74.2 |       5 |      16 |  76.2
        D:8 |     972 |       0 |   0.0 |      23 |       0 |   0.0
        D:9 |    1612 |     762 |  32.1 |      28 |       5 |  15.2
       D:10 |     680 |     451 |  39.9 |      13 |       9 |  40.9
       D:11 |    1197 |       0 |   0.0 |      11 |       0 |   0.0
     Lair:1 |    2407 |     404 |  14.4 |      15 |       2 |  11.8
     Lair:2 |    3677 |     459 |  11.1 |      21 |       2 |   8.7
     Lair:3 |    3177 |    2991 |  48.5 |      26 |      24 |  48.0
     Lair:4 |    1284 |       0 |   0.0 |       9 |       0 |   0.0
      Sewer |       0 |     113 | 100.0 |       0 |       6 | 100.0
    Volcano |       0 |    2025 | 100.0 |       0 |       4 | 100.0
            +---------+---------+-------+---------+---------+-------
